 Dungeon Crawl Stone Soup version 0.31.0-11-ge490571c62 (console) character file.

Game seed: 3249511656110268794

56 zenocrate the Chopper (level 3, -6/31 HPs)
             Began as a Minotaur Delver on Feb 1, 2024.
             Mangled by a kobold brigand
             ... wielding a +0 short sword
              (8 damage)
             ... on level 5 of the Dungeon.
             The game lasted 00:00:18 (22 turns).

zenocrate the Chopper (Minotaur Delver)               Turns: 22, Time: 00:00:18

Health: -6/31      AC:  3    Str: 18    XL:     3   Next: 69%
Magic:  2/2        EV: 11    Int:  7    God:
Gold:   0          SH:  0    Dex: 11    Spells: 2/2 levels left

rFire   . . .        a - +0 hand axe
rCold   . . .        (no shield)
rNeg    . . .        b - +0 leather armour
rPois   .            (helmet restricted)
rElec   .            (no cloak)
rCorr   .            (no gloves)
SInv    .            (no boots)
Will    .....        (no amulet)
Stlth   ++           (no ring)
HPRegen 0.25/turn    (no ring)
MPRegen 0.08/turn

%: no passive effects
@: no status effects
A: horns 2, retaliatory headbutt
a: no special abilities


You were on level 5 of the Dungeon.
You visited 1 branch of the dungeon, and saw 1 of its levels.

Inventory:

Hand Weapons
 a - a +0 hand axe (weapon)
Armour
 b - a +0 leather armour (worn)
Wands
 g - a wand of digging (3)
Scrolls
 c - a scroll of fog
 d - a scroll of revelation
 e - a scroll of fear
Potions
 f - a potion of haste


   Skills:
 - Level 3.6 Fighting
 + Level 5.0 Axes
 - Level 2.1 Dodging
 - Level 4.1 Stealth


You had 2 spell levels left.
You didn't know any spells.
Your spell library was empty.

Dungeon Overview and Level Annotations

Branches:
Dungeon (5/15)
 Temple: D:4-7

Altars:


Innate Abilities, Weirdness & Mutations

You have a pair of horns on your head.
You reflexively headbutt those who attack you in melee.


Message History

You kill the iguana!
The hound bites you.
* * * LOW HITPOINT WARNING * * *
Your Axes skill gained 2 levels and is now at level 4!
You have reached level 2!
You barely miss the hound. The hound barely misses you.
The hound closely misses you. You furiously retaliate!
You headbutt the hound!
Unknown command.
You miss the hound.
The hound is heavily wounded.
The hound bites you but does no damage.
Unknown command.
You hit the hound. You headbutt the hound.
The hound is almost dead.
The hound bites you.
* * * LOW HITPOINT WARNING * * *
The hound bites you.
* * * LOW HITPOINT WARNING * * *
Unknown command.
Okay, then.
You hit the hound.
You kill the hound!
Your Axes skill increases to level 5!
You have reached level 3!
Your experience leads to an increase in your attributes!
Increase (S)trength, (I)ntelligence, or (D)exterity?
You feel stronger. x2
Unknown command.
Okay, then.
You hit the kobold brigand but do no damage.
You headbutt the kobold brigand, but do no damage.
The kobold brigand closely misses you.
Unknown command.
You barely miss the kobold brigand. Your punch misses the kobold brigand.
The kobold brigand barely misses you. You furiously retaliate!
You headbutt the kobold brigand!
Unknown command.
You completely miss the kobold brigand. You headbutt the kobold brigand!
The kobold brigand is severely wounded.
The kobold brigand hits you with a +0 short sword!
You die...

.. ##... .###
....# #...##
#...#
....#.##..#
...#.##..## ...
......#..#
....###K# #.#..#
.......@###...>#
...###...#.>...#
###......##
##.....##
#.......#
#........#
#........#
#........#
#.......##
##......#
##...###


You could see a kobold brigand.

Vanquished Creatures
  A hound (D:5)
  An iguana (D:5)
2 creatures vanquished.

Notes
Turn   | Place    | Note
-------+----------+-------------------------------------------
     0 | D:5      | zenocrate the Minotaur Delver began the quest for the Orb.
     0 | D:5      | Reached XP level 1. HP: 19/19 MP: 0/0
     7 | D:5      | Noticed a hound
     8 | D:5      | Noticed a kobold brigand
     8 | D:5      | Noticed an iguana
    15 | D:5      | Killed an iguana
    16 | D:5      | Reached skill level 4 in Axes
    16 | D:5      | Reached XP level 2. HP: 6/26 MP: 1/1
    18 | D:5      | HP: 1/26 [hound (2)]
    20 | D:5      | Reached skill level 5 in Axes
    20 | D:5      | Reached XP level 3. HP: 2/31 MP: 2/2
    22 | D:5      | Mangled by a kobold brigand

Illustrated notes

Levels and vault maps discovered:
D:5:      layout_cave_pods, minmay_bent, uniq_blork_the_orc

Skill      XL: |  1  2 |
---------------+-------+-----
Axes           | 4 5 |  5.0
Fighting       | |  3.6
Dodging        | |  2.1
Stealth        | |  4.1

Action                     || total
---------------------------++-------
  Melee: Hand axe          ||    13
         Headbutt          ||     4
 Armour: Leather armour    ||     8
  Dodge: Dodged            ||     7
